 Dungeon Crawl Stone Soup version 0.20-a0-924-gfa95efa (webtiles) character file.

273 RKaid the Skirmisher (level 6, -1/48 HPs)
             Began as a Demonspawn Wanderer on Mar 27, 2017.
             Slain by an ogre
             ... wielding a +0 giant club
              (9 damage)
             ... on level 4 of the Dungeon.
             The game lasted 00:12:46 (5627 turns).

RKaid the Skirmisher (Demonspawn Wanderer)          Turns: 5627, Time: 00:12:46

Health: -1/48      AC: 10    Str: 15    XL:     6   Next: 3%
Magic:  7/7        EV:  6    Int: 13    God:
Gold:   209        SH:  0    Dex: 14    Spells: 7/7 levels left

rFire    . . .     SeeInvis .   a - +1 spear
rCold    . . .     Gourm    .   (no shield)
rNeg     . . .     Faith    .   m - +0 chain mail
rPois    .         Spirit   .   (helmet restricted)
rElec    .         Reflect  .   (no cloak)
rCorr    .         Harm     .   (no gloves)
MR       .....                  (no boots)
Stlth    ..........             (no amulet)
Regen    0.2/turn               g - ring of flight {+Fly}
MPRegen  0.1/turn               l - +2 ring of dexterity

@: no status effects
A: horns 1, slimy green scales 1, rot immunity
a: Evoke Flight


You were on level 4 of the Dungeon.
You were not hungry.

You visited 1 branch of the dungeon, and saw 4 of its levels.

You collected 209 gold pieces.

Inventory:

Hand Weapons
 a - a +1 spear (weapon)
   (You found it on level 3 of the Dungeon)
 b - a +0 blowgun
   (You took it off a kobold on level 3 of the Dungeon)
 o - a +1 dagger of speed
   (You took it off a goblin on level 1 of the Dungeon)
Missiles
 d - 2 needles of frenzy
 A - 3 curare-tipped needles
Armour
 m - a +0 chain mail (worn)
   (You found it on level 1 of the Dungeon)
 v - a +0 cloak
   (You found it on level 4 of the Dungeon)
Jewellery
 g - a ring of flight (left hand) {+Fly}
   (You found it on level 1 of the Dungeon)
 l - a +2 ring of dexterity (right hand)
   (You found it on level 2 of the Dungeon)
Wands
 c - a wand of random effects (14/48)
 h - a wand of digging (15/24)
   (You found it on level 3 of the Dungeon)
Scrolls
 j - 2 scrolls of amnesia
 n - 2 scrolls of magic mapping {!r}
 t - a scroll of enchant weapon
 x - a scroll of random uselessness
Potions
 e - 2 potions of curing
 i - a potion of lignification {unknown}
 k - a potion of agility
 p - a potion of flight
 s - a potion of invisibility
 u - a potion of cancellation
Books
 z - a book of Frost
 B - the Almanac of the Rocks

   Spells                             Type                      Level
   a - Sandblast                      Earth                        1
   b - Stone Arrow                    Conjuration/Earth            3
Comestibles
 f - 3 bread rations
 q - 5 meat rations
 r - a chunk of flesh


   Skills:
 + Level 4.3 Fighting
 - Level 1.5 Short Blades
 * Level 2.7 Polearms
 - Level 2.2 Armour
 - Level 1.0 Spellcasting
   Level 2.1 Necromancy
   Level 1.7 Ice Magic
 - Level 2.0 Evocations


You had 7 spell levels left.
You didn't know any spells.

Dungeon Overview and Level Annotations

Branches:
Dungeon (4/15)
 Temple: D:4-7

Altars:
Fedhas
Sif Muna
Trog
Zin


Innate Abilities, Weirdness & Mutations

You have a pair of small horns on your head.
You are partially covered in slimy green scales. (AC +2)
You are immune to rotting.


Message History

You reach to attack!
You closely miss the bat. The bat hits you but does no damage.
Attack whom?
Press: ? - help, Dir - move target cursor, f/p - bat
Aim: a bat You reach to attack!
You hit the bat. The bat hits you but does no damage.
Attack whom?
Press: ? - help, Dir - move target cursor, f/p - bat
Aim: a bat (severely wounded)
You reach to attack!
You hit the bat.
You kill the bat!
No target in view!
No target in view!
You now have 204 gold pieces (gained 17).
You butcher the bat corpse.
r - a chunk of flesh You see here a bat skeleton. x2
q - 5 meat rations (gained 1)
A worm comes into view.
A worm is nearby!
You barely miss the worm. The worm bites you but does no damage.
Attack whom?
Press: ? - help, Dir - move target cursor, f - worm
Aim: a worm You reach to attack!
You hit the worm.
Attack whom?
Press: ? - help, Dir - move target cursor, f/p - worm
Aim: a worm You reach to attack!
You hit the worm.
Attack whom?
Press: ? - help, Dir - move target cursor, f/p - worm
Aim: a worm (lightly wounded)
You reach to attack!
You hit the worm.
Attack whom?
Press: ? - help, Dir - move target cursor, f/p - worm
Aim: a worm (lightly wounded)
You reach to attack!
You hit the worm but do no damage. You hit the worm. You hit the worm.
The worm bites you but does no damage.
You hit the worm. You headbutt the worm.
You kill the worm!
There is a stone staircase leading down here.
You now have 209 gold pieces (gained 5).
A leopard gecko comes into view.
The leopard gecko hisses angrily.
A leopard gecko is nearby!
You closely miss the leopard gecko. The leopard gecko bites you.
You closely miss the leopard gecko. Your headbutt misses the leopard gecko.
The leopard gecko bites you.
You hit the leopard gecko.
The leopard gecko bites you but does no damage.
You closely miss the leopard gecko.
The leopard gecko completely misses you.
You closely miss the leopard gecko.
The leopard gecko bites you but does no damage.
A leopard gecko is nearby!
You puncture the leopard gecko!
You kill the leopard gecko!
No target in view!
No target in view!
You see here a club.
An ogre comes into view. It is wielding a giant club.
An ogre is nearby!
An ogre is nearby!
An ogre is nearby!
Attack whom?
Press: ? - help, Dir - move target cursor, f - ogre
Aim: an ogre, wielding a giant club You reach to attack!
Your chain mail prevents you from hitting the ogre.
You closely miss the ogre. You headbutt the ogre.
The ogre hits you with a giant club!
Attack whom?
Press: ? - help, Dir - move target cursor, f/p - ogre
Aim: an ogre, wielding a giant club (lightly wounded)
You reach to attack!
You hit the ogre. You hit the ogre. The ogre completely misses you.
You hit the ogre. The ogre hits you with a giant club.
Attack whom?
Press: ? - help, Dir - move target cursor, f/p - ogre
Aim: an ogre, wielding a giant club (heavily wounded)
You reach to attack!
You hit the ogre. The ogre hits you with a giant club.
You hit the ogre. Your headbutt misses the ogre. You hit the ogre.
The ogre hits you with a giant club!
You are too injured to fight recklessly!
You are too injured to fight recklessly!
There is a stone staircase leading up, spattered with blood here.
You are too injured to fight recklessly!
You are too injured to fight recklessly!
You are too injured to fight recklessly!
You are too injured to fight recklessly!
You are too injured to fight recklessly!
You are too injured to fight recklessly!
You are too injured to fight recklessly!
You hit the ogre. The ogre hits you with a giant club!
* * * LOW HITPOINT WARNING * * *
You hit the ogre. You closely miss the ogre.
The ogre hits you with a giant club!
You die...

******** ,,,,,,,*
,#####.* ,,...#.*
**#...,* #..#**
######### #..#
#.......#
#..#####.......#
###.........<..O@#
......###........#
......# #........#
...รท..###.##'#####**
.....[....##.#..,,,*
........>....#.#**,*
.......#.#####.# *,*
.......#.#####.# *,*
...(...........###.#


You could see an ogre.

Vanquished Creatures
  The ghost of Njoerkh the Ruffian, an amateur VSTm (D:4)
  A worker ant (D:4)
  5 adders (D:3)
  An ooze (D:1)
  2 worms
  3 dart slugs
  4 leopard geckos
  5 orcs (D:3)
  A ball python (D:3)
  2 giant cockroaches (D:2)
  11 goblins
  6 hobgoblins
  8 jackals
  9 kobolds
  A quokka (D:3)
  8 bats
  6 frilled lizards
  7 rats
81 creatures vanquished.

Notes
Turn   | Place    | Note
-------+----------+-------------------------------------------
     0 | D:1      | RKaid the Demonspawn Wanderer began the quest for the Orb.
     0 | D:1      | RKaid set off with: a book of Frost, the Almanac of the Rocks, a wand of random effects (15/48), a +0 robe, a +0 club, a bread ration
     0 | D:1      | Reached XP level 1. HP: 16/16 MP: 2/2
     0 | D:1      | Identified the Almanac of the Rocks
   215 | D:1      | HP: 4/16 [leopard gecko (3)]
   218 | D:1      | HP: 1/16 [leopard gecko (3)]
   470 | D:1      | Gained mutation: You are partially covered in slimy green scales. (AC +2) [demonic ancestry]
   470 | D:1      | Reached XP level 2. HP: 23/23 MP: 3/3
  1130 | D:1      | Gained mutation: You are immune to rotting. [demonic ancestry]
  1130 | D:1      | Reached XP level 3. HP: 28/28 MP: 4/4
  1204 | D:2      | Reached skill level 3 in Fighting
  1292 | D:2      | Reached skill level 2 in Armour
  1426 | D:2      | Found a bloodstained altar of Trog.
  1427 | D:2      | Found a deep blue altar of Sif Muna.
  1427 | D:2      | Found a blossoming altar of Fedhas.
  1428 | D:2      | Found a glowing silver altar of Zin.
  2157 | D:2      | Reached skill level 1 in Short Blades
  2579 | D:3      | Noticed an ice beast
  2661 | D:3      | Gained mutation: You have a pair of small horns on your head. [demonic ancestry]
  2661 | D:3      | Reached XP level 4. HP: 34/35 MP: 5/5
  3833 | D:3      | HP: 8/36 [poisoned by kobold (curare-tipped needle)]
  4222 | D:3      | Reached skill level 1 in Polearms
  4245 | D:3      | Found a faded altar of an unknown god.
  4450 | D:3      | Reached XP level 5. HP: 36/42 MP: 6/6
  4628 | D:4      | Noticed Njoerkh's ghost (amateur VSTm)
  4672 | D:4      | Noticed an ogre
  5127 | D:4      | Killed Njoerkh's ghost
  5127 | D:4      | Reached skill level 4 in Fighting
  5127 | D:4      | Reached skill level 2 in Polearms
  5127 | D:4      | Reached XP level 6. HP: 28/48 MP: 7/7
  5625 | D:4      | HP: 7/48 [ogre/giant club (13)]
  5627 | D:4      | Slain by an ogre

Vault maps used:
D:1:      dpeg_arrival_oval
D:2:      chequers_temple_overflow_statue_of_worship, first_bread,
          minmay_misc_feat_ornament, kennysheep_generic_room_14
D:3:      chequers_ecumenical_altar_lobes, serial_bayou_crossing

Skill      XL: |  1  2  3  4  5 |
---------------+----------------+-----
Fighting       | 3 4 |  4.3
Armour         | 2 |  2.2
Short Blades   | 1 |  1.5
Polearms       | 1 2 |  2.7
Spellcasting   | |  1.0
Necromancy     | |  2.1
Ice Magic      | |  1.7
Evocations     | |  2.0

Action                   |  1- 3 |  4- 6 || total
-------------------------+-------+-------++-------
Melee: Hand axe          |    59 |       ||    59
       Club              |     2 |       ||     2
       Dagger            |   232 |    85 ||   317
       Spear             |       |   109 ||   109
       Headbutt          |       |    24 ||    24
Evoke: Wand              |       |     1 ||     1
  Use: Potion            |     1 |     2 ||     3
       Scroll            |       |    13 ||    13
 Stab: Sleeping          |     1 |       ||     1
  Eat: Chunk             |     5 |     8 ||    13
       Royal jelly       |       |     1 ||     1
Armor: Robe              |     8 |       ||     8
       Chain mail        |   143 |   120 ||   263
Dodge: Dodged            |   101 |    57 ||   158

Table legend:
 A = Turns spent in this place as a percentage of turns spent in the entire game.
 B = Non-inter-level travel turns spent in this place as a percentage of non-inter-level travel turns spent in the entire game.
 C = Inter-level travel turns spent in this place as a percentage of turns spent in this place.
 D = Turns resting spent in this place as a percentage of non-inter-level travel turns spent in this place.
 E = Turns spent auto-exploring this place as a percentage of non-inter-level travel turns spent in this place.
 F = Non-inter-level travel turns spent in this place divided by the number of levels of this place that you've seen.
                   A       B       C       D       E      F
               +-------+-------+-------+-------+-------+----------------------
         Total | 100.0 | 100.0 |   0.4 |   2.7 |   5.6 | 488.2
       Dungeon | 100.0 | 100.0 |   0.4 |   2.7 |   5.6 | 488.2
               +-------+-------+-------+-------+-------+----------------------

Table legend:
 A = Kills in this place as a percentage of kills in entire the game.
 B = Kills by you in this place as a percentage of kills by you in the entire game.
 C = Kills by friends in this place as a percentage of kills by friends in the entire game.
 D = Other kills in this place as a percentage of other kills in the entire game.
 E = Experience gained in this place as a percentage of experience gained in the entire game.
 F = Experience gained in this place divided by the number of levels of this place that you have seen.
                   A       B       C       D       E      F
               +-------+-------+-------+-------+-------+----------------------
         Total | 100.0 | 100.0 |  -nan |  -nan | 100.0 |  97.8
       Dungeon | 100.0 | 100.0 |  -nan |  -nan | 100.0 |  97.8
               +-------+-------+-------+-------+-------+----------------------
